 Dungeon Sprint DCSS version 0.31-a0-1612-g4aaf141004 (webtiles) character file.

Game seed: 12245883710194760107

786 Conn the Destroyer (level 7, 0/46 HPs)
             Began as an Octopode Fire Elementalist on Jan 9, 2024.
             Was a Follower of Sif Muna.
             Engulfed by a cloud of steam (2 damage)
             ... in the Dungeon (Sprint II: "The Violet Keep of Menkaure").
             The game lasted 00:12:46 (931 turns).

Conn the Destroyer (Octopode Fire Elementalist)      Turns: 931, Time: 00:12:49

Health: 0/46       AC:  3    Str:  4 (7)  XL:     7   Next: 86%
Magic:  0/20       EV: 14    Int: 18 (20) God:    Sif Muna [*.....]
Gold:   723        SH:  0    Dex: 10 (13) Spells: 0/21 levels left

rFire   . . .        v - +1 whip of Shrieking Terror {venom, rPois Int+3 Stlth+}
rCold   + . .        (no shield)
rNeg    . . .        u - +2 hat
rPois   +            p - amulet of guardian spirit
rElec   .            (no ring)
rCorr   .            (no ring)
SInv    .            (no ring)
Will    .....        (no ring)
Stlth   +++++        (no ring)
HPRegen 0.27/turn    (no ring)
MPRegen 0.17/turn    (no ring)
                     (no ring)

%: no teleportation, guardian spirit
@: no status effects
A: almost no armour, amphibious, 8 rings, camouflage 1, gelatinous body 1,
(nimble swimmer 1), tentacles, cold resistance 1, dopey 1, high MP 1
a: Renounce Religion, Channel Magic


You were in the Dungeon.
You worshipped Sif Muna.
Sif Muna was aware of your devotion.
You visited 1 branch You collected 918 gold pieces.
You spent 195 gold pieces at shops.

Inventory:

Hand Weapons
 v - the +1 whip of Shrieking Terror (weapon) {venom, rPois Int+3 Stlth+}
   (You bought it in a shop in the Dungeon)

   Int+3:     It affects your intelligence (+3).
   rPois:     It protects you from poison Stlth+: It makes you more stealthy.
Armour
 u - a +2 hat (worn)
Magical Staves
 o - a staff of death
Jewellery
 p - an amulet of guardian spirit (around mantle)
Scrolls
 e - a scroll of poison
 f - a scroll of blinking
 h - a scroll of fog
 j - a scroll of revelation
 k - 2 scrolls of enchant weapon
Potions
 a - 6 potions of magic
 b - 4 potions of curing
 c - 2 potions of heal wounds
 d - a potion of haste
 l - a potion of attraction
 m - a potion of berserk rage
 n - a potion of might
 q - a potion of mutation
 r - 2 potions of enlightenment
 t - 2 potions of resistance


   Skills:
 + Level 3.2 Fighting
 + Level 6.1 Dodging
 - Level 6.5 Stealth
 * Level 7.7 Spellcasting
 * Level 8.1 Conjurations
 + Level 3.2 Hexes
 + Level 0.0 Summonings
 + Level 3.2 Translocations
 + Level 6.4 Fire Magic
 + Level 2.0 Air Magic
 * Level 5.0 Invocations


You couldn't memorise any spells.
You knew the following spells:

 Your Spells              Type           Power      Damage    Failure   Level
a - Foxfire               Conj/Fire      100%       2x1d9     1%          1
b - Scorch                Fire           60%        2d7       1%          2
c - Inner Flame           Hex/Fire       24%        N/A       4%          3
d - Flame Wave            Conj/Fire      33%        2d10      4%          4
e - Volatile Blastmotes   Fire/Tloc      48%        2d14      4%          3
f - Blink                 Tloc           36%        N/A       4%          2
g - Call Imp              Summ           12%        N/A       16%         2
h - Swiftness             Air            14%        N/A       13%         3
i - Magic Dart            Conj           100%       1d8       1%          1

Your spell library contained the following spells:

 Spells                   Type           Power      Damage    Failure   Level
 Ensorcelled Hibernation  Hex/Ice        24%        N/A       8%          2
 Passwall                 Erth           6%         N/A       30%         3


Dungeon Overview and Level Annotations

Branches:
Dungeon (1/1)

Altars:
Cheibriados
Dithmenos
Elyvilon
Fedhas
Gozag
Hepliaklqana
Kikubaaqudgha
Makhleb
Nemelex Xobeh
Okawaru
Qazlal
Ru
Sif Muna
Trog
Uskayaw
Vehumet
Wu Jian
Xom
Yredelemnul
Zin
The Shining One
Jiyva
Lugonu

Shops:
D :!?![=(!:=**[[*

Annotations:
D exclusions: obsidian statue and oklob plant, Roxanne


Innate Abilities, Weirdness & Mutations

You cannot wear most types of armour.
You are amphibious.
You can wear up to eight rings at the same time.
Your skin changes colour to match your surroundings (Stealth+).
Your rubbery body absorbs attacks. (AC +1, EV +1)
((You are camouflaged when in or above water. (Stealth+)))
You have tentacles for arms and can constrict up to eight enemies at once.
Your flesh is cold resistant. (rC+)
You are dopey. (Int -2)
You have an increased reservoir of magic. (+10% MP)


Message History

Press: ? - help, Dir - move target, f - cerulean imp
Aim: a cerulean imp, wielding a -4 spear (lightly wounded, summoned, friendly, chance to affect: 64%)
Your cerulean imp is filled with an inner flame.
You enter the shallow water.
Your cerulean imp hits the boulder beetle but does no damage.
Unknown command.
Casting: Inner Flame (dangerous; 4% risk of failure)
Confirm with . or Enter, or press ? or * to list all spells.
Flames lash the boulder beetle but do no damage.
The boulder beetle bites your cerulean imp but does no damage.
Your cerulean imp hits the boulder beetle but does no damage.
Unknown command.
You hear an explosion!
Unknown command.
Casting: Scorch (safe; 1% risk of failure)
Confirm with . or Enter, or press ? or * to list all spells.
You conjure some foxfire!
Unknown command.
Casting: Foxfire (safe; 1% risk of failure)
Confirm with . or Enter, or press ? or * to list all spells.
Flames lash the boulder beetle but do no damage.
You are engulfed in a cloud of scalding steam.
* * * LOW HITPOINT WARNING * * *
The foxfire hits the boulder beetle but does no damage.
The boulder beetle is almost dead.
The foxfire hits the boulder beetle.
Flame seeps out of the boulder beetle.
The boulder beetle is almost dead.
Unknown command.
Unknown command.
Unknown command.
Unknown command.
You are engulfed in a cloud of scalding steam.
* * * LOW HITPOINT WARNING * * *
Casting: Scorch (safe; 1% risk of failure)
Confirm with . or Enter, or press ? or * to list all spells.
Flames lash the boulder beetle.
Flame seeps out of the boulder beetle.
The boulder beetle is almost dead.
The boulder beetle's fire resistance burns away.
You are engulfed in a cloud of scalding steam.
You die...

~#.. ..#....# ...####▓.[......▓
###.#B ###..## #..# c#▓.......)▓
.###§# #.##..# +..# y#▓........▓
..##.####.#..# #..# h#▓...)...[▓
#.'B<.+†##'..####..##.#▓.(.....(▓
..##.##...#§.§.###.^.##▓▓▓▓▓▓▓'▓▓
.###'###.##......~~~~~~~~~~~~~...
###.).####~~..§.§~#'########+###.
~#..#..#~~~~~~~§@~#....._._#l§~##
~##...##~~~~§§B§§~#...._._.#~~≈§#
~~##+##~~~≈§§§~~~~#..._._._#~§~§≈
#~~~~~~~~§~§§§≈~~~#.._._._.#~~~§≈
#+++#+++#~≈§§≈≈≈≈~#._._._._#~~~§~
..§§~ ##§≈§###≈≈#_._._._.#~~~§§
~§~..§~~§##≈§# #≈≈#._._._..#§§§
.~§§8§....+§§# #≈§#.._._._.#§≈§
~~~~§~.~.##≈§§≈§≈≈##########§§§


You could see a boulder beetle (inner flame, combustible).

Vanquished Creatures
  A merfolk siren (D)
  Menkaure (D)
  A crocodile (D)
  4 necrophages (D)
  3 ribbon worms (D)
10 creatures vanquished.

Vanquished Creatures (others)
  12 foxfires (D)
  4 tentacles (D)
16 creatures vanquished.

Grand Total: 26 creatures vanquished

Notes
Turn   | Place    | Note
-------+----------+-------------------------------------------
     0 | D        | Conn the Octopode Fire Elementalist began the quest for the
                  | Orb.
     0 | D        | Reached XP level 1. HP: 11/11 MP: 3/3
     1 | D        | Noticed a necrophage
     1 | D        | Noticed a necrophage
     1 | D        | Noticed a necrophage
     1 | D        | Noticed a necrophage
     5 | D        | Killed a necrophage
     6 | D        | Reached skill level 3 in Conjurations
     6 | D        | Reached XP level 2. HP: 17/17 MP: 4/7
     6 | D        | Reached XP level 3. HP: 21/21 MP: 4/8
     8 | D        | Killed a necrophage
     9 | D        | Reached skill level 5 in Stealth
     9 | D        | Reached skill level 4 in Conjurations
     9 | D        | Reached XP level 4. HP: 24/27 MP: 4/10
     9 | D        | Reached XP level 5. HP: 28/31 MP: 4/12
    15 | D        | Reached skill level 5 in Spellcasting
    15 | D        | Reached skill level 5 in Conjurations
    15 | D        | Reached skill level 5 in Fire Magic
    21 | D        | Reached skill level 5 in Dodging
    21 | D        | Reached skill level 6 in Conjurations
    21 | D        | Reached XP level 6. HP: 13/36 MP: 5/15
    35 | D        | Learned a level 2 spell: Scorch
    39 | D        | Learned a level 3 spell: Inner Flame
    44 | D        | Learned a level 4 spell: Flame Wave
    48 | D        | Learned a level 3 spell: Volatile Blastmotes
   121 | D        | Found Kuthru's Distillery.
   121 | D        | Found Hentufuebo's Jewellery Shop.
   121 | D        | Found Dilitt's Antique Armour Shop.
   121 | D        | Found Wecokabb's Antique Weapon Boutique.
   122 | D        | Found Vaplipn's Assorted Antiques.
   122 | D        | Found Juegikun's General Store.
   122 | D        | Found Ofijiysh's General Store.
   122 | D        | Found Gukunyi's Jewellery Boutique.
   122 | D        | Found Penn's Antique Armour Shop.
   122 | D        | Found Zygiuh's Distillery.
   123 | D        | Found Wuc Boen's Armour Boutique.
   123 | D        | Found Naolepti's Book Shop.
   123 | D        | Found Beih's Magic Scroll Shop.
   123 | D        | Found Zatuq's Distillery.
   123 | D        | Noticed a shining eye
   130 | D        | Noticed Roxanne
   140 | D        | Found a snail-covered altar of Cheibriados.
   141 | D        | Found a shadowy altar of Dithmenos.
   141 | D        | Found a viscous altar of Jiyva.
   142 | D        | Found a white marble altar of Elyvilon.
   142 | D        | Found an ancient bone altar of Kikubaaqudgha.
   143 | D        | Found a blossoming altar of Fedhas.
   143 | D        | Found a corrupted altar of Lugonu.
   143 | D        | Found a shimmering blue altar of Sif Muna.
   144 | D        | Found an opulent altar of Gozag.
   144 | D        | Found a burning altar of Makhleb.
   144 | D        | Found a bloodstained altar of Trog.
   145 | D        | Found a sparkling altar of Nemelex Xobeh.
   145 | D        | Found a hide-covered altar of Uskayaw.
   146 | D        | Found a basalt altar of Yredelemnul.
   147 | D        | Found an iron altar of Okawaru.
   147 | D        | Found a radiant altar of Vehumet.
   147 | D        | Found a glowing silver altar of Zin.
   147 | D        | Found a hazy altar of Hepliaklqana.
   147 | D        | Found a sacrificial altar of Ru.
   147 | D        | Found a shimmering altar of Xom.
   148 | D        | Found a stormy altar of Qazlal.
   148 | D        | Found an ornate altar of the Wu Jian Council.
   148 | D        | Found a glowing golden altar of the Shining One.
   154 | D        | Became a worshipper of Sif Muna the Loreminder
   168 | D        | Noticed a kraken
   326 | D        | Noticed a yaktaur
   326 | D        | Noticed a hornet
   326 | D        | Noticed a polar bear
   339 | D        | Reached skill level 1 in Fighting
   339 | D        | Reached skill level 1 in Hexes
   339 | D        | Reached skill level 1 in Translocations
   360 | D        | Noticed Menkaure
   360 | D        | Noticed a shining eye
   360 | D        | Noticed a shining eye
   360 | D        | Noticed an oklob plant
   361 | D        | Found Miukory's Book Shoppe.
   375 | D        | Killed Menkaure
   376 | D        | Reached skill level 7 in Conjurations
   376 | D        | Reached XP level 7. HP: 26/45 MP: 1/17
   477 | D        | Noticed a fire dragon
   489 | D        | Bought an iridescent whip for 195 gold pieces
   489 | D        | Identified the +1 whip of Shrieking Terror {venom, rPois
                  | Int+3 Stlth+} (You bought it in a shop in the Dungeon)
   516 | D        | Noticed a boulder beetle
   516 | D        | Noticed a boulder beetle
   522 | D        | Learned a level 2 spell: Blink
   525 | D        | Learned a level 2 spell: Call Imp
   529 | D        | Learned a level 3 spell: Swiftness
   532 | D        | Reached * piety under Sif Muna
   610 | D        | Noticed a merfolk siren
   613 | D        | Killed a merfolk siren
   613 | D        | Reached ** piety under Sif Muna
   614 | D        | Reached skill level 8 in Conjurations
   614 | D        | Reached skill level 5 in Invocations
   626 | D        | Learned a level 1 spell: Magic Dart
   663 | D        | Gained mutation: You are vulnerable to cold. (rC-) [potion
                  | of mutation]
   663 | D        | Gained mutation: You are dopey. (Int -2) [potion of
                  | mutation]
   663 | D        | Gained mutation: You are partially covered in iridescent
                  | scales. (AC +2) [potion of mutation]
   664 | D        | Lost mutation: You are partially covered in iridescent
                  | scales. (AC +2) [potion of mutation]
   664 | D        | Lost mutation: You are vulnerable to cold. (rC-) [potion of
                  | mutation]
   664 | D        | Gained mutation: Your flesh is cold resistant. (rC+)
                  | [potion of mutation]
   664 | D        | Gained mutation: You have an increased reservoir of magic.
                  | (+10% MP) [potion of mutation]
   784 | D        | Noticed an obsidian statue
   930 | D        | HP: 2/46 [something (3)]
   931 | D        | Engulfed by a cloud of steam

Illustrated notes

Levels and vault maps discovered:
D:        the_violet_keep_of_menkaure [sprint2_stairs_cluster_1,
          sprint2_shoproom, sprint2_temple, sprint2_basic_supplies,
          sprint2_obstacle_6, sprint2_obstacle_1, sprint2_obstacle_3,
          sprint2_obstacle_5, sprint2_obstacle_2, sprint2_timed_cluster_1,
          sprint2_smallroom_cluster_1, sprint2_smallroom_final_cluster_1,
          sprint2_transparent_cluster_1, sprint2_second_timed_cluster_1,
          sprint2_sniper_area_1, sprint2_heavy_combat_area_1,
          sprint2_mutation_trap_area_1, sprint2_forest_area_1,
          sprint2_light_combat_area_1, sprint2_behind_water_1,
          sprint2_near_end_vault_1]

Skill      XL: |  1  2  3  4  5  6  7 |
---------------+----------------------+-----
Dodging        | 3 4 5 6 |  6.1
Stealth        | 4 5 6 |  6.5
Spellcasting   | 4 6 7 |  7.7
Conjurations   | 3 4 6 7 8 |  8.1
Fire Magic     | 4 5 6 |  6.4
Fighting       | 2 3 |  3.2
Hexes          | 2 3 |  3.2
Translocations | 2 3 |  3.2
Invocations    | 3 5 |  5.0
Air Magic      | 2 |  2.0

Action                     |  1- 3 |  4- 6 |  7- 9 || total
---------------------------+-------+-------+-------++-------
  Melee: Unarmed           |     6 |    11 |       ||    17
         Constrict         |     1 |     3 |       ||     4
         Tentacles         |     2 |     1 |       ||     3
         Staff             |       |     3 |       ||     3
   Cast: Foxfire           |       |     4 |     3 ||     7
         Scorch            |       |     3 |    18 ||    21
         Inner Flame       |       |       |    12 ||    12
         Call Imp          |       |       |     5 ||     5
         Blink             |       |       |     3 ||     3
         Flame Wave        |       |       |     1 ||     1
 Invoke: Channel Magic     |       |       |     2 ||     2
    Use: Potion            |     1 |     1 |     6 ||     8
         Scroll            |       |       |     8 ||     8
 Armour: Skin              |     2 |     8 |    10 ||    20
  Dodge: Dodged            |       |     3 |     1 ||     4

Table legend: (Time is in decaauts)
 A = Elapsed time spent in this place.
 B = Non-inter-level travel time spent in this place.
 C = Inter-level travel time spent in this place.
 D = Time resting spent in this place.
 E = Time spent auto-exploring this place.
 F = Levels seen in this place.
 G = Mean time per level.
                   A        B        C        D        E       F      G
               +--------+--------+--------+--------+--------+-----+--------+
         Total |    940 |    940 |      0 |    415 |      0 |   1 |  940.0 |
       Dungeon |    940 |    940 |      0 |    415 |      0 |   1 |  940.0 |
               +--------+--------+--------+--------+--------+-----+--------+

Top non-repeatable levels by time:
       D: 940 daAuts
